Map: Whispers of Gold

Players

Mixu

  • Race: Zerg Zerg
  • League: Grandmaster
  • Spawn Location: 9:00

LiquidMaNa (MaNa) - Winner!

  • Race: Protoss Protoss
  • League: Grandmaster
  • Spawn Location: 5:00

Event: HomeStory Cup XXVI

VOD

Have the link to the VOD?

Description

Time

  • Played on: Nov. 30, 2024, 10:48 a.m.
  • Length: 10:51

All games in this series

Show
View Real Time Build Order
Export as new Build Order

Mixu Zerg 

Build Orders: Hatch First, Swarm Host 

Get SALT Encoding   

  12  0:00  Drone  
  13  0:13  Overlord  
  13  0:17  Drone  
  14  0:31  Drone x2  
  16  0:49  Hatchery  
  15  0:52  Drone  
  15  0:55  Drone  
  17  0:59  Drone  
  18  1:09  Extractor  
  17  1:15  Spawning Pool  
  16  1:19  Drone  
  16  1:22  Drone  
  18  1:29  Drone  
  19  1:40  Drone  
  20  1:51  Overlord  
  20  2:01  Queen x2  
  20  2:03  Zergling x2  
  20  2:06  Drone  
  26  2:11  Zergling x2  
  26  2:15  Metabolic Boost  
  27  2:19  Drone  
  27  2:22  Drone  
  29  2:25  Drone  
  30  2:41  Hatchery  
  30  2:43  Drone  
  30  2:50  Zergling x4  
  32  2:55  Zergling x2  
  33  2:58  Drone  
  36  3:06  Queen, Overlord  
  36  3:20  Overlord  
  36  3:25  Drone x7  
  43  3:34  Drone  
  43  3:35  Spore Crawler  
  43  3:36  Spore Crawler  
  43  3:39  Drone x2  
  43  3:42  Drone  
  43  3:43  Drone  
  43  3:47  Drone x2  
  46  3:48  Drone  
  46  3:52  Drone x2  
  46  3:55  Spore Crawler  
  47  3:58  Drone x2  
  47  4:00  Drone  
  50  4:07  Drone x2  
  52  4:10  Drone  
  52  4:12  Spore Crawler, Evolution Chamber  
  52  4:15  Drone  
  53  4:19  Roach Warren, Drone x2  
  53  4:25  Drone x3  
  53  4:27  Drone  
  53  4:29  Overlord  
  57  4:34  Extractor  
  57  4:35  Lair  
  56  4:40  Drone  
  57  4:45  Overlord  
  57  4:49  Drone x3  
  57  4:52  Drone  
  61  4:53  Drone x4  
  61  4:54  Extractor  
  61  4:57  Overlord  
  61  4:58  Overlord  
  64  5:02  Roach  
  66  5:07  Roach x3  
  66  5:09  Spore Crawler  
  71  5:16  Drone  
  71  5:17  Overlord, Roach x2  
  71  5:20  Queen  
  77  5:22  Roach  
  78  5:28  Roach  
  78  5:30  Drone x6, Overlord  
  78  5:32  Drone  
  87  5:35  Extractor  
  87  5:36  Glial Reconstitution, Extractor x2  
  87  5:37  Drone  
  85  5:44  Drone x3  
  85  5:45  Overlord  
  85  5:46  Drone  
  89  5:58  Drone  
  89  5:59  Drone x2  
  89  6:00  Drone  
  93  6:08  Overlord, Infestation Pit  
  92  6:14  Overlord x2  
  92  6:16  Roach x4  
  100  6:21  Overlord  
  100  6:22  Hatchery  
  100  6:23  Roach x2  
  101  6:40  Roach x5  
  101  6:46  Overlord, Zerg Missile Weapons Level 1  
  117  6:47  Swarm Host  
  117  6:48  Swarm Host x2  
  117  6:51  Swarm Host  
  123  6:54  Swarm Host  
  123  6:55  Swarm Host  
  129  7:02  Swarm Host  
  132  7:10  Swarm Host x2  
  132  7:12  Zergling x2  
  132  7:13  Zergling x2, Overlord  
  132  7:15  Drone x2  
  142  7:16  Overlord  
  142  7:17  Overlord  
  142  7:19  Swarm Host  
  145  7:26  Overlord  
  145  7:29  Overlord  
  145  7:36  Overlord  
  145  7:37  Roach x7  
  145  7:38  Ravager x2  
  159  7:45  Roach x3  
  159  7:50  Roach x3  
  167  7:58  Roach x5  
  170  8:06  Ravager, Roach  
  170  8:14  Drone, Roach  
  170  8:15  Roach x6  
  170  8:16  Ravager, Roach  
  170  8:17  Ravager  
  170  8:19  Roach  
  191  8:27  Burrow  
  191  8:28  Zergling x2  
  191  8:29  Overlord  
  186  8:47  Roach x9  
  180  8:49  Roach x3  
  180  8:50  Roach  
  180  8:52  Roach x2  
  177  9:00  Roach x4  
  185  9:10  Tunneling Claws  
  185  9:11  Roach  
  185  9:13  Zergling x8  
  191  9:21  Roach  
  191  9:22  Roach x3  
  194  9:27  Roach x2  
  194  9:31  Roach x3  
  198  9:37  Roach  
  200  9:45  Baneling Nest  
  188  9:53  Roach x6  
  188  9:58  Roach x6  
  187  10:06  Roach x2  
  187  10:11  Roach x6  
  174  10:16  Roach x2  
  173  10:21  Roach x3  
  173  10:24  Roach  
  173  10:26  Ravager  
  173  10:28  Roach  
Show
View Real Time Build Order
Export as new Build Order

LiquidMaNa Protoss - Winner!

Build Orders: 1 Gate Expand, Oracle Opening, Archon Immortal, Archon Drop 

Get SALT Encoding   

  12  0:00  Probe  
  13  0:12  Probe  
  14  0:19  Pylon  
  14  0:24  Probe  
  15  0:36  Probe  
  16  0:43  Gateway  
  16  0:44  Probe  
  17  0:50  Assimilator  
  17  0:55  Probe  
  18  1:03  Probe  
  18  1:11  Probe  
  20  1:22  Probe  
  21  1:33  Nexus  
  21  1:43  Cybernetics Core  
  21  1:46  Probe  
  22  1:51  Assimilator  
  22  1:59  Pylon  
  22  2:01  Probe  
  23  2:09  Adept  
  23  2:17  Probe  
  23  2:22  Stargate  
  26  2:29  Warp Gate, Probe  
  27  2:31  Adept  
  27  2:41  Probe  
  30  2:45  Probe  
  31  2:53  Probe  
  31  2:58  Probe  
  33  2:59  Adept  
  33  3:05  Probe  
  36  3:07  Oracle  
  36  3:10  Probe  
  40  3:17  Probe  
  41  3:22  Probe  
  41  3:24  Gateway  
  42  3:28  Probe  
  44  3:34  Assimilator, Probe  
  44  3:36  Assimilator, Probe  
  44  3:39  Pylon  
  45  3:44  Probe  
  45  3:48  Probe  
  45  3:50  Robotics Facility  
  45  3:55  Twilight Council  
  45  3:56  Probe  
  45  3:58  Probe  
  45  4:01  Pylon  
  47  4:06  Probe  
  47  4:09  Probe  
  48  4:14  Probe  
  49  4:21  Probe  
  49  4:22  Gateway  
  49  4:24  Gateway  
  51  4:26  Probe  
  51  4:27  Warp Prism  
  52  4:32  Templar Archives  
  54  4:41  Adept  
  56  4:55  Pylon  
  56  5:00  Nexus  
  56  5:06  Pylon  
  56  5:09  Observer  
  56  5:10  Probe  
  56  5:11  Probe  
  59  5:17  High Templar x3  
  59  5:18  High Templar, Immortal  
  67  5:23  Archon x2  
  67  5:27  Probe x2  
  73  5:30  Forge  
  73  5:36  Robotics Facility  
  73  5:43  Probe  
  73  5:44  Observer  
  73  5:48  Probe  
  75  5:51  Pylon  
  75  5:55  Pylon  
  75  5:57  Sentry  
  75  5:59  Shield Battery, Immortal  
  77  6:09  Protoss Ground Weapons Level 1, Probe  
  83  6:11  Probe  
  83  6:12  Probe  
  83  6:14  Charge  
  83  6:17  Probe  
  84  6:20  Probe  
  84  6:23  Probe  
  84  6:25  Probe, Immortal  
  92  6:37  Probe x2  
  94  6:42  Probe  
  94  6:43  Assimilator  
  94  6:45  Assimilator  
  94  6:46  Immortal  
  99  6:49  Probe  
  99  6:52  Pylon  
  99  6:53  Probe  
  101  7:04  Probe, Immortal  
  101  7:08  Probe  
  107  7:14  High Templar x2  
  111  7:21  Gateway, Archon  
  111  7:23  Gateway  
  111  7:25  Gateway  
  111  7:26  Gateway  
  111  7:33  High Templar  
  111  7:34  Nexus, High Templar  
  111  7:35  Photon Cannon  
  115  7:38  Pylon  
  115  7:40  Archon  
  115  7:44  Immortal  
  115  7:47  Observer  
  115  7:48  Zealot  
  114  7:53  Probe x2  
  114  7:54  Probe  
  111  8:05  Probe x2  
  108  8:06  Probe  
  108  8:10  High Templar x3  
  108  8:11  High Templar  
  116  8:15  Archon x2  
  116  8:17  Probe  
  116  8:18  Sentry, Probe x2  
  121  8:23  Immortal  
  121  8:24  Pylon  
  125  8:27  Pylon  
  125  8:29  Pylon  
  125  8:30  Pylon  
  123  8:41  Probe x2  
  117  8:53  Zealot x8  
  117  8:54  Immortal  
  129  8:58  Shield Battery  
  129  9:03  Probe, Immortal  
  133  9:12  Probe x3  
  131  9:17  Zealot x4  
  131  9:19  Probe  
  131  9:21  Sentry  
  136  9:33  Probe  
  136  9:34  High Templar x3, Immortal  
  147  9:39  High Templar  
  147  9:43  Archon  
  147  9:44  Archon  
  149  9:46  Zealot x4  
  150  9:57  Probe x2  
  150  9:59  Probe  
  141  10:06  Immortal  
  141  10:14  Zealot x6  
  151  10:16  Probe x2  
  151  10:17  Probe  
Tags
 
Add a new tag
Caveats
  • Supply blocks, unpowered buildings, or Contaminate may cause inaccurate times.
  • Supply counts are checked every 10 seconds.